 Dungeon Crawl Stone Soup version 0.19.4 (webtiles) character file.

35 sveltemanboy the Charmwright (level 3, -4/24 HPs)
             Began as a High Elf Skald on Feb 3, 2017.
             Slain by a worm (7 damage)
             ... on level 2 of the Dungeon.
             The game lasted 00:03:30 (1363 turns).

sveltemanboy the Charmwright (High Elf Skald)       Turns: 1363, Time: 00:03:31

Health: -4/24      AC:  3    Str: 11    XL:     3   Next: 16%
Magic:  5/7        EV: 11    Int: 16    God:
Gold:   62         SH:  0    Dex: 15    Spells: 3 memorised, 1 level left

rFire  . . .     SeeInvis .     a - +0 falchion
rCold  . . .     Gourm    .     b - +0 leather armour
rNeg   . . .     Faith    .     (no shield)
rPois  .         Spirit   .     (no helmet)
rElec  .         Reflect  .     (no cloak)
rCorr  .         Harm     .     (no gloves)
MR     .....                    (no boots)
Stlth  +.........               (no amulet)
                                (no ring)
                                h - ring of flight

@: no status effects
A: no striking features
a: Evoke Flight


You were on level 2 of the Dungeon.
You were hungry.

You visited 1 branch of the dungeon, and saw 2 of its levels.

You collected 62 gold pieces.

Inventory:

Hand Weapons
 a - a +0 falchion (weapon)
Armour
 b - a +0 leather armour (worn)
Jewellery
 h - a ring of flight (left hand)
Scrolls
 e - a scroll of random uselessness {unknown}
 f - a scroll of enchant armour {unknown}
 k - a scroll of fog {unknown}
 m - a scroll of magic mapping {unknown}
Potions
 i - a potion of mutation {unknown}
 l - a potion of curing {unknown}
Books
 c - a book of Battle

   Spells                             Type                      Level
   a - Infusion                       Charms                       1
   b - Shroud of Golubria             Charms/Translocation         2
   c - Song of Slaying                Charms                       2
   d - Spectral Weapon                Hexes/Charms                 3
   e - Regeneration                   Charms/Necromancy            3
Comestibles
 d - 2 bread rations
 g - a royal jelly
 j - a meat ration
 n - 2 chunks of flesh


   Skills:
 - Level 2.0 Fighting
 * Level 3.5 Long Blades
 + Level 1.3 Armour
 - Level 1.1 Dodging
 - Level 2.4 Spellcasting
 - Level 4.0 Charms
 + Level 0.7 Translocations


You had one spell level left.
You knew the following spells:

 Your Spells              Type           Power        Failure   Level  Hunger
a - Infusion              Chrm           ##..         6%          1    #......
b - Song of Slaying       Chrm           ##......     10%         2    ###....
c - Shroud of Golubria    Chrm/Tloc      #.........   17%         2    ###....


Dungeon Overview and Level Annotations

Branches:
Dungeon (2/15)

Altars:
Cheibriados


Message History

Your shroud bends the kobold's attack away.
You hit the kobold.
You kill the kobold!
You hit the worm.
The worm is lightly wounded.
You slash the worm!
The worm is heavily wounded.
The worm bites you.
* * * LOW HITPOINT WARNING * * *
You hit the worm.
The worm is almost dead.
Your song has ended.
Your shroud bends the worm's attack away!
You completely miss the worm.
The worm is almost dead.
Your shroud begins to fray at the edges.
You hit the worm.
The worm is almost dead.
The worm bites you!
You die...

#.).# ###..## #.# ###### #...#
#....# ... ##..... #...###)..##
#.##...... #<...)...## #.........
#...###..# ###.<÷.... #...###.##
#....(.. #....#..####### #.......
#....#........############.......
####.....####...@ww..............
####### #######..÷...(.......
##_## ###..######....... ##≈≈≈###
##...## #....... #≈≈≈≈≈.# #..###
#....... #≈≈.≈≈.###.## ##......
#≈≈≈≈≈.....# ##..... #.≈≈≈..#####
###### ##.....#


You could see 2 worms.

Vanquished Creatures
  A dart slug (D:2)
  3 leopard geckos
  2 giant cockroaches (D:1)
  2 goblins
  4 hobgoblins
  2 jackals (D:1)
  4 bats (D:1)
  3 frilled lizards (D:1)
  4 kobolds
  4 rats (D:1)
29 creatures vanquished.

Notes
Turn   | Place    | Note
-------+----------+-------------------------------------------
     0 | D:1      | sveltemanboy the High Elf Skald began the quest for the Orb.
     0 | D:1      | Reached XP level 1. HP: 14/14 MP: 4/4
   170 | D:1      | Reached XP level 2. HP: 17/19 MP: 6/6
   413 | D:1      | Learned a level 2 spell: Song of Slaying
   416 | D:1      | Learned a level 2 spell: Shroud of Golubria
   430 | D:1      | Reached skill level 1 in Armour
   797 | D:1      | Reached skill level 4 in Charms
   911 | D:1      | You fall through a shaft!
  1183 | D:2      | Reached XP level 3. HP: 17/24 MP: 7/7
  1271 | D:2      | Found a snail-covered altar of Cheibriados.
  1363 | D:2      | Slain by a worm

Skill      XL: |  1  2 |
---------------+-------+-----
Long Blades    | 3 |  3.5
Armour         | 1 |  1.3
Charms         | 4 |  4.0
Fighting       | |  2.0
Dodging        | |  1.1
Spellcasting   | |  2.4
Translocations | |  0.7

Action                   || total
-------------------------++-------
Melee: Falchion          ||   111
 Cast: Infusion          ||     1
       Shroud of Golubri ||     1
       Song of Slaying   ||     1
  Eat: Chunk             ||     1
Armor: Leather armour    ||    28
Dodge: Dodged            ||    72
       Rpst.: Falchion   ||    12
